Map: [ESL] Moondance

Players

PattyMac

  • Race: Protoss Protoss
  • Spawn Location: 12:00

Kelazhur - Winner!

  • Race: Terran Terran
  • Spawn Location: 6:00

Event: DreamHack SC2 Masters 2022 Valencia

VOD

Have the link to the VOD?

Description

Time

  • Played on: July 1, 2022, 9:55 a.m.
  • Length: 12:10

All games in this series

Show
View Real Time Build Order
Export as new Build Order

PattyMac Protoss 

Build Orders: 1 Gate Expand 

Get SALT Encoding   

  12  0:00  Probe  
  13  0:12  Probe  
  14  0:17  Pylon  
  14  0:24  Probe (Chrono Boost)  
  16  0:36  Gateway  
  16  0:37  Probe (Chrono Boost)  
  16  0:42  Probe (Chrono Boost)  
  16  0:45  Assimilator  
  17  0:52  Probe  
  18  1:04  Probe  
  18  1:07  Gateway  
  19  1:24  Cybernetics Core  
  19  1:37  Nexus  
  19  1:44  Pylon  
  19  1:53  Probe  
  20  2:00  Adept (Chrono Boost)  
  22  2:05  Adept (Chrono Boost)  
  22  2:06  Probe  
  25  2:09  Assimilator  
  25  2:17  Warp Gate  
  25  2:26  Probe  
  26  2:38  Probe  
  26  2:40  Adept x2  
  26  2:44  Pylon  
  30  2:51  Probe (Chrono Boost)  
  32  2:56  Probe (Chrono Boost)  
  32  3:02  Probe (Chrono Boost)  
  31  3:10  Adept x2  
  31  3:12  Probe  
  34  3:13  Probe  
  35  3:24  Probe  
  35  3:27  Probe  
  36  3:36  Probe  
  36  3:38  Pylon  
  36  3:40  Adept  
  36  3:48  Probe (Chrono Boost)  
  36  3:52  Probe (Chrono Boost)  
  37  3:58  Probe (Chrono Boost)  
  37  4:01  Probe (Chrono Boost)  
  39  4:07  Probe (Chrono Boost)  
  39  4:08  Probe (Chrono Boost)  
  39  4:10  Twilight Council  
  39  4:12  Robotics Facility  
  39  4:13  Probe  
  39  4:15  Probe  
  41  4:25  Probe  
  41  4:26  Stalker x2  
  41  4:27  Probe  
  47  4:37  Pylon, Probe  
  46  4:39  Probe  
  47  4:49  Probe  
  48  4:55  Probe  
  48  4:57  Stalker x2, Blink (Chrono Boost)  
  51  5:01  Probe  
  51  5:02  Observer  
  51  5:06  Assimilator  
  53  5:07  Probe  
  52  5:20  Probe x2  
  54  5:24  Gateway  
  54  5:27  Gateway  
  54  5:32  Probe x2  
  52  5:44  Stalker, Probe, Warp Prism (Chrono Boost)  
  52  5:49  Stalker  
  59  5:54  Pylon  
  59  6:00  Probe  
  59  6:01  Pylon  
  59  6:03  Observer  
  60  6:09  Stalker  
  60  6:10  Nexus  
  62  6:13  Probe  
  62  6:14  Pylon  
  62  6:17  Stalker  
  65  6:28  Stalker x2  
  65  6:30  Probe x2  
  65  6:32  Stalker  
  67  6:42  Probe  
  68  6:47  Stalker  
  68  6:48  Probe  
  68  6:52  Stalker  
  68  6:53  Gateway  
  73  6:54  Probe, Gateway  
  73  7:00  Probe  
  74  7:04  Charge (Chrono Boost)  
  74  7:06  Probe  
  71  7:11  Stalker x2  
  71  7:12  Probe  
  76  7:18  Probe, Gateway  
  76  7:19  Gateway  
  77  7:25  Stalker x2  
  81  7:33  Probe  
  78  7:38  Forge  
  78  7:39  Zealot x2  
  78  7:41  Immortal (Chrono Boost)  
  82  7:51  Shield Battery  
  82  7:52  Stalker x2  
  80  8:03  Zealot x4  
  80  8:05  Probe x2  
  90  8:06  Probe, Assimilator  
  90  8:11  Assimilator  
  91  8:14  Observer (Chrono Boost)  
  91  8:17  Probe x2  
  94  8:24  Dark Shrine, Forge, Robotics Bay  
  94  8:27  Zealot  
  94  8:28  Sentry  
  94  8:33  Zealot x3  
  100  8:39  Zealot x2  
  88  8:48  Stalker x2  
  88  8:54  Probe  
  93  8:57  Stalker x2  
  93  8:58  Stalker  
  93  8:59  Probe x2  
  101  9:04  Protoss Ground Weapons Level 1 (Chrono Boost)  
  101  9:07  Pylon  
  101  9:09  Pylon  
  101  9:17  Pylon  
  101  9:22  Colossus (Chrono Boost)  
  101  9:23  Assimilator  
  101  9:28  Zealot x3  
  111  9:37  Stalker x3  
  92  9:43  Dark Templar  
  84  9:46  Zealot  
  84  9:48  Dark Templar  
  86  10:02  Pylon  
  86  10:04  Colossus (Chrono Boost)  
  84  10:07  Extended Thermal Lance (Chrono Boost)  
  84  10:09  Nexus  
  84  10:10  Pylon  
  90  10:17  Zealot x2  
  94  10:24  Gateway  
  94  10:26  Stalker x2  
  98  10:34  Stalker x4  
  93  10:44  Zealot x2  
  87  10:53  Observer (Chrono Boost)  
  84  11:03  Stalker x6  
  96  11:07  Colossus (Chrono Boost)  
  100  11:14  Pylon  
  98  11:18  Nexus  
  98  11:24  Dark Templar  
  100  11:34  Robotics Facility  
  100  11:36  Zealot x2  
  99  11:42  Zealot x2  
  99  11:45  Zealot  
  99  11:46  Zealot  
  92  11:51  Stalker  
  85  11:56  Stalker x2  
  85  11:59  Zealot  
  77  12:03  Zealot x2  
Show
View Real Time Build Order
Export as new Build Order

Kelazhur Terran - Winner!

Build Orders:  

Get SALT Encoding   

  12  0:00  SCV  
  13  0:12  SCV  
  14  0:16  Supply Depot  
  14  0:24  SCV  
  15  0:38  SCV  
  15  0:39  Barracks  
  15  0:42  Refinery  
  16  0:50  SCV  
  16  0:52  Refinery  
  17  1:02  SCV  
  18  1:05  Supply Depot  
  18  1:14  SCV  
  19  1:27  Orbital Command, Reaper  
  20  1:41  Factory  
  20  1:53  SCV  
  21  1:59  Reaper  
  22  2:05  SCV  
  23  2:19  SCV, Command Center  
  24  2:26  Hellion  
  26  2:31  Reaper  
  26  2:33  Supply Depot  
  26  2:35  SCV  
  28  2:48  Hellion, Barracks  
  28  2:51  SCV  
  30  3:08  SCV  
  31  3:13  Barracks Reactor  
  31  3:14  Factory Tech Lab  
  31  3:15  Barracks  
  31  3:22  SCV  
  30  3:32  Orbital Command  
  29  3:41  Cyclone  
  29  3:42  Barracks Tech Lab  
  29  3:43  SCV  
  31  3:49  Marine x2  
  31  3:55  SCV  
  34  3:57  Engineering Bay  
  34  4:07  SCV  
  34  4:10  SCV  
  34  4:16  Marine x2  
  37  4:19  SCV  
  37  4:23  SCV  
  38  4:24  Marine  
  38  4:25  Stimpack  
  38  4:31  SCV  
  39  4:34  Marine x2  
  39  4:35  SCV  
  39  4:37  Combat Shield  
  39  4:38  Marauder  
  44  4:42  Marine  
  44  4:43  SCV  
  42  4:47  SCV  
  42  4:50  Starport  
  42  4:51  Factory Reactor  
  42  4:55  SCV  
  42  4:59  SCV, Marine  
  44  5:00  Marine  
  44  5:05  Marine x2  
  47  5:07  SCV  
  47  5:11  SCV  
  45  5:16  Bunker  
  45  5:19  SCV  
  43  5:21  Marine  
  43  5:23  SCV, Marauder  
  43  5:28  Marauder  
  48  5:31  SCV  
  48  5:34  Marine  
  46  5:35  SCV  
  40  5:43  SCV, Marine  
  40  5:45  Marauder  
  40  5:47  SCV  
  45  5:50  Marauder  
  45  5:52  Terran Infantry Weapons Level 1  
  45  5:54  Medivac  
  45  5:56  Medivac  
  51  5:59  SCV x2  
  53  6:04  Supply Depot  
  54  6:11  SCV  
  54  6:12  Concussive Shells  
  54  6:17  Supply Depot  
  54  6:25  Marine x2  
  54  6:26  SCV, Marauder x2  
  54  6:27  SCV  
  54  6:28  Missile Turret  
  54  6:31  Factory Reactor  
  62  6:38  SCV  
  62  6:39  SCV  
  59  6:45  Marine x2  
  61  6:47  Marauder x2  
  61  6:49  Medivac x2  
  61  6:50  SCV  
  70  6:56  Refinery  
  70  6:57  Refinery, Supply Depot  
  70  7:07  SCV  
  70  7:15  Marine  
  70  7:16  SCV, Marauder x2, Widow Mine  
  70  7:17  Marine  
  70  7:19  SCV  
  78  7:28  SCV  
  79  7:30  Command Center  
  79  7:31  SCV  
  79  7:37  Marine x2, Marauder x2  
  79  7:40  SCV  
  86  7:47  Supply Depot, Terran Infantry Armor Level 1  
  86  7:51  Widow Mine  
  85  7:54  Widow Mine  
  82  7:59  Marauder  
  82  8:01  Marine x2  
  82  8:02  SCV, Marauder  
  85  8:06  SCV  
  85  8:09  Supply Depot  
  85  8:11  Liberator x2  
  92  8:14  Supply Depot  
  92  8:17  Widow Mine  
  94  8:27  Armory  
  94  8:31  Marine x2, Widow Mine  
  96  8:40  Marauder  
  96  8:41  Widow Mine  
  93  8:49  Marine x2  
  93  8:50  Orbital Command, SCV x2  
  93  8:54  Medivac x2  
  93  8:55  Marauder  
  103  9:03  Barracks  
  103  9:04  Barracks, SCV  
  103  9:05  SCV  
  105  9:11  Marine x2  
  105  9:12  Marauder  
  105  9:13  Widow Mine  
  105  9:15  Widow Mine  
  105  9:16  SCV  
  114  9:20  Marauder  
  116  9:25  Supply Depot  
  116  9:29  SCV  
  117  9:33  Marauder  
  108  9:42  Marauder  
  108  9:44  Marine x2  
  109  9:45  SCV x2  
  109  9:46  SCV, Terran Infantry Weapons Level 2  
  109  9:49  Engineering Bay  
  109  9:52  Barracks Tech Lab, Barracks Reactor  
  111  9:58  SCV, Marauder  
  111  9:59  SCV  
  115  10:01  Medivac x2  
  115  10:02  Marine  
  115  10:03  Marauder  
  122  10:07  Refinery  
  122  10:09  Ghost Academy  
  122  10:12  Supply Depot, Marauder  
  124  10:29  Command Center  
  124  10:36  Marauder x3  
  121  10:49  Marine x4  
  113  10:51  Liberator x2  
  112  10:57  Marauder  
  112  10:58  Marauder x2  
  115  11:10  Marine x4  
  119  11:12  Widow Mine x2  
  119  11:19  Ghost  
  119  11:20  Barracks  
  119  11:21  Barracks  
  119  11:23  Barracks  
  121  11:26  Marauder  
  121  11:31  Marauder  
  125  11:37  Widow Mine x2  
  125  11:39  Marine  
  127  11:40  Marine x2  
  127  11:45  Marine  
  127  11:48  Marauder  
  127  11:49  Marauder  

Tags
 
Add a new tag
Caveats
  • Supply blocks, unpowered buildings, or Contaminate may cause inaccurate times.
  • Supply counts are checked every 10 seconds.